 Dungeon Crawl Stone Soup version 0.28.0 (webtiles) character file.

Game seed: 16658549340703559490

1936 browni3141 the Skirmisher (level 8, 0/74 HPs)
             Began as a Minotaur Berserker on Feb 10, 2022.
             Was a Priest of Trog.
             Succumbed to a scorpion's poison
             ... on level 7 of the Dungeon.
             The game lasted 00:04:20 (7953 turns).

browni3141 the Skirmisher (Minotaur Berserker)      Turns: 7953, Time: 00:04:20

Health: 0/74       AC:  2    Str: 23    XL:     8   Next: 97%
Magic:  7/7        EV: 14    Int:  4    God:    Trog [***...]
Gold:   411        SH:  0    Dex: 11    Spells: 7/7 levels left

rFire   . . .      SeeInvis .   w - +0 war axe
rCold   . . .      Faith    .   (no shield)
rNeg    . . .      Spirit   .   b - +0 animal skin
rPois   .          Reflect  .   (helmet restricted)
rElec   .          Harm     .   (no cloak)
rCorr   .          Rampage  .   (no gloves)
Will    ++...                   (no boots)
Stlth   +.........              (no amulet)
HPRegen 1.22/turn               (no ring)
MPRegen 0.10/turn               (no ring)

@: lethally poisoned (0 -> -3), strong-willed, on berserk cooldown,
regenerating, slowed, very slow
A: horns 2, retaliatory headbutt, screaming 1, MP-powered wands
a: Renounce Religion, Berserk, Trog's Hand


You were on level 7 of the Dungeon.
You worshipped Trog.
Trog was most pleased with you.
You visited 1 branch of the dungeon, and saw 7 of its levels.
You also visited: Sewer.

You collected 411 gold pieces.

Inventory:

Hand Weapons
 a - a +0 hand axe
 w - a +0 war axe (weapon)
Missiles
 q - a throwing net
 B - 6 curare-tipped darts (quivered)
Armour
 b - a +0 animal skin (worn)
Wands
 l - a wand of acid (10)
 r - a wand of mindburst (11)
 x - a wand of iceblast (11)
Scrolls
 d - a scroll of vulnerability {unknown}
 e - 4 scrolls of identify {unknown}
 i - 5 scrolls of teleportation
 j - a scroll of acquirement {unknown}
 k - a scroll of enchant armour {unknown}
 n - 3 scrolls of magic mapping {unknown}
 o - a scroll of immolation {unknown}
 t - a scroll of amnesia {unknown}
 u - a scroll of enchant weapon {unknown}
 v - a scroll of fear {unknown}
 y - 2 scrolls of fog {unknown}
 A - a scroll of brand weapon {unknown}
Potions
 c - a potion of degeneration {unknown}
 f - 2 potions of curing {unknown}
 g - 2 potions of ambrosia {unknown}
 h - a potion of lignification {unknown}
 m - a potion of resistance {unknown}
 p - 2 potions of cancellation {unknown}
 s - 3 potions of mutation
 z - a potion of haste {unknown}


   Skills:
 + Level 7.9 Fighting
 + Level 7.9 Axes
 + Level 7.3 Armour
 + Level 6.7 Dodging


You had 7 spell levels left.
You didn't know any spells.
Your spell library was empty.

Dungeon Overview and Level Annotations

Branches:
Dungeon (7/15)              Sewer (visited)
 Temple: D:4-7

Altars:
Dithmenos
Okawaru
Sif Muna

Annotations:
D:5 1 runed translucent door


Innate Abilities, Weirdness & Mutations

You have a pair of horns on your head.
You reflexively headbutt those who attack you in melee.
You occasionally shout uncontrollably at your foes.
You expend magic power (3 MP) to strengthen your wands.


Message History

You are too injured to fight recklessly!
You are too injured to fight recklessly!
You are too injured to fight recklessly!
You are too injured to fight recklessly!
You are too injured to fight recklessly!
You are too injured to fight recklessly!
You barely miss the orc. You slash the centaur skeleton!
You destroy the centaur skeleton!
Trog accepts your kill.
* * * LOW HITPOINT WARNING * * *
You feel very sick.
You slash the orc!
You feel the power of Trog in you as your rage grows.
You kill the orc!
Trog accepts your kill.
* * * LOW HITPOINT WARNING * * *
You feel very sick.
There is a lethal amount of poison in your body!
* * * LOW HITPOINT WARNING * * *
You feel very sick.
You feel a strong urge to attack something.
* * * LOW HITPOINT WARNING * * *
You feel very sick.
* * * LOW HITPOINT WARNING * * *
You feel very sick.
You feel your anger nearly subside.
You are no longer berserk.
You are exhausted.
You feel yourself slow down.
* * * LOW HITPOINT WARNING * * *
You feel very sick.
Unknown command.
Your skin crawls.
You feel strong-willed.
* * * LOW HITPOINT WARNING * * *
You feel very sick.
Unknown command.
It was a potion of mutation.
You feel extremely strange.
You feel the urge to shout.
You feel your magical essence link to the dungeon's wands.
You die...

.# # #.# # ##.
#.# #.. ). ..#
...##.##.#
.........######
........<......
.......).# #
....#..)@######.#
................#
#.........[)....#
........#######.#
.#...##.# .....
#.. ....# #.# ..
#. ..


There were no monsters in sight!

Vanquished Creatures
  The ghost of BobuRosu the Spear-Bearer, a novice MiBe of Trog (D:5)
  Edmund (D:4)
  A necrophage (D:4)
  2 ogres
  A kobold brigand (Sewer)
  A scorpion (D:7)
  2 water moccasin zombies (D:5)
  A centaur zombie (D:5)
  4 hounds
  5 jellies
  4 iguanas
  2 bullfrog skeletons
  A centaur skeleton (D:7)
  3 orc wizards
  2 hound skeletons (D:4)
  A howler monkey zombie (D:5)
  A gnoll (D:1)
  16 adders
  A river rat (Sewer)
  A white imp (D:6)
  An ufetubus (D:4)
  2 adder skeletons
  3 worms
  9 orcs
  7 ball pythons
  4 endoplasms
  3 giant cockroaches (D:6)
  8 goblins
  6 hobgoblins
  14 jackals
  7 kobolds
  2 quokkas
  3 bats
  3 frilled lizards
  13 rats
136 creatures vanquished.

Vanquished Creatures (others)
  A fungus (D:3)
  14 plants
  4 toadstools (D:3)
19 creatures vanquished.

Grand Total: 155 creatures vanquished

Notes
Turn   | Place    | Note
-------+----------+-------------------------------------------
     0 | D:1      | browni3141 the Minotaur Berserker began the quest for the
                  | Orb.
     0 | D:1      | Reached XP level 1. HP: 19/19 MP: 0/0
   165 | D:1      | Found a faded altar of an unknown god.
   273 | D:1      | Reached XP level 2. HP: 27/27 MP: 1/1
   443 | D:2      | Reached XP level 3. HP: 25/33 MP: 2/2
  1316 | D:2      | Reached XP level 4. HP: 36/41 MP: 3/3
  1521 | D:3      | Reached ** piety under Trog
  1969 | D:3      | Found a shimmering blue altar of Sif Muna.
  1970 | D:3      | Found an iron altar of Okawaru.
  1970 | D:3      | Found a shadowy altar of Dithmenos.
  2646 | D:4      | Reached XP level 5. HP: 33/47 MP: 4/4
  3593 | D:4      | Reached skill level 5 in Fighting
  3593 | D:4      | Reached skill level 5 in Axes
  3866 | D:4      | Reached XP level 6. HP: 56/56 MP: 5/5
  3926 | D:4      | Noticed Edmund
  3936 | D:4      | Killed Edmund
  4308 | D:5      | Entered Level 5 of the Dungeon
  4361 | D:5      | Reached XP level 7. HP: 47/62 MP: 6/6
  4500 | D:5      | Reached skill level 5 in Armour
  4751 | D:5      | Reached skill level 5 in Dodging
  5004 | D:5      | Found a runed translucent door.
  5326 | D:5      | Found a runed translucent door.
  5329 | D:5      | Noticed BobuRosu's ghost (novice MiBe)
  5625 | D:5      | Killed BobuRosu's ghost
  5626 | D:5      | Reached XP level 8. HP: 21/73 MP: 7/7
  5928 | D:6      | Reached *** piety under Trog
  6433 | D:6      | Found a glowing drain.
  6440 | Sewer    | Entered a sewer
  7952 | D:7      | HP: 2/74 [poisoned by a scorpion]
  7953 | D:7      | Gained mutation: You occasionally shout uncontrollably at
                  | your foes. [potion of mutation]
  7953 | D:7      | Gained mutation: You expend magic power (3 MP) to
                  | strengthen your wands. [potion of mutation]
  7953 | D:7      | Succumbed to a scorpion's poison

Illustrated notes

Levels and vault maps discovered:
D:1:      denvon_arrival_waterhouse, layout_rooms,
          hellmonk_ecumenical_altar_leap_of_faith
D:2:      layout_loops_cross, kennysheep_generic_room_3
D:3:      layout_loops_ring, chequers_temple_overflow_statue_of_worship,
          minmay_gold_behind_fungi, serial_bayou_pond_e, minmay_goblin_outpost
D:4:      layout_basic, serial_forest, infiniplex_forest_pool,
          infiniplex_forest_end_double, infiniplex_forest_fountain,
          infiniplex_forest_lined_2, infiniplex_forest_diagonal,
          infiniplex_forest_pool, infiniplex_forest_lined_corner, uniq_edmund
D:5:      layout_loops_cross, ebering_ghost_sewer_f
D:6:      layout_cave_pools, gup_sewer_entry_bubbles
D:7:      layout_basic, minmay_temple_entry_poolview, serial_bayou_pond_a

Skill      XL: |  1  2  3  4  5  6  7  8 |
---------------+-------------------------+-----
Fighting       | 4 5 7 |  7.9
Axes           | 4 5 7 |  7.9
Armour         | 3 4 6 7 |  7.3
Dodging        | 3 4 6 |  6.7

Action                   |  1- 3 |  4- 6 |  7- 9 || total
-------------------------+-------+-------+-------++-------
Melee: Hand axe          |    69 |    95 |    95 ||   259
       Headbutt          |     6 |    14 |    35 ||    55
       Punch             |     1 |     1 |     8 ||    10
       War axe           |       |       |   105 ||   105
Invok: Berserk           |       |     2 |     6 ||     8
       Trog's Hand       |       |       |     1 ||     1
  Use: Scroll            |       |       |     1 ||     1
       Potion            |       |       |     1 ||     1
 Stab: Sleeping          |     1 |       |     1 ||     2
Armor: Animal skin       |    11 |    23 |    22 ||    56
Dodge: Dodged            |    48 |    81 |   121 ||   250
